Map: Odyssey LE

Players

ReiGn

  • Race: Protoss Protoss
  • Spawn Location: 11:00

Zanster - Winner!

  • Race: Zerg Zerg
  • Spawn Location: 5:00

Event: WCS Valencia 2017

VOD

Have the link to the VOD?

Description

Time

  • Played on: July 13, 2017, 6:39 a.m.
  • Length: 8:34

All games in this series

Show
View Real Time Build Order
Export as new Build Order

ReiGn Protoss 

Build Orders: Nexus First, Oracle Opening 

Get SALT Encoding   

  12  0:01  Probe (Chrono Boost)  
  13  0:11  Probe (Chrono Boost)  
  14  0:20  Pylon  
  14  0:22  Probe (Chrono Boost)  
  15  0:38  Probe (Chrono Boost)  
  16  0:48  Probe (Chrono Boost)  
  17  1:04  Probe (Chrono Boost)  
  18  1:05  Nexus  
  18  1:14  Gateway  
  18  1:18  Probe (Chrono Boost)  
  19  1:26  Assimilator  
  19  1:29  Assimilator  
  19  1:32  Probe (Chrono Boost)  
  20  1:42  Probe (Chrono Boost)  
  20  1:44  Pylon  
  21  1:53  Probe (Chrono Boost)  
  22  2:02  Cybernetics Core  
  22  2:03  Probe (Chrono Boost)  
  22  2:07  Zealot  
  25  2:14  Probe (Chrono Boost)  
  26  2:18  Probe (Chrono Boost)  
  27  2:24  Pylon, Probe (Chrono Boost)  
  27  2:29  Probe (Chrono Boost)  
  29  2:35  Probe (Chrono Boost)  
  30  2:39  Probe (Chrono Boost)  
  30  2:41  Stargate  
  31  2:45  Adept  
  31  2:47  Warp Gate  
  31  2:50  Probe (Chrono Boost)  
  34  2:56  Probe (Chrono Boost)  
  35  3:01  Mothership Core (Chrono Boost)  
  37  3:07  Probe (Chrono Boost)  
  38  3:13  Adept  
  38  3:14  Pylon  
  38  3:17  Probe (Chrono Boost)  
  38  3:19  Probe (Chrono Boost)  
  42  3:28  Probe (Chrono Boost)  
  42  3:31  Probe (Chrono Boost)  
  42  3:36  Oracle (Chrono Boost)  
  42  3:38  Probe  
  46  3:41  Probe  
  46  3:43  Adept  
  46  3:48  Gateway  
  49  3:50  Gateway  
  49  3:51  Probe  
  49  3:52  Probe  
  51  4:02  Probe  
  51  4:03  Probe  
  53  4:13  Probe  
  52  4:24  Probe  
  52  4:30  Nexus  
  53  4:32  Pylon x2  
  53  4:34  Pylon  
  53  4:36  Assimilator  
  53  4:43  Assimilator  
  53  4:47  Probe  
  53  4:50  Phoenix (Chrono Boost)  
  53  4:52  Probe, Twilight Council  
  57  4:54  Forge  
  57  4:57  Probe  
  58  5:04  Probe  
  58  5:06  Adept x3  
  65  5:08  Probe  
  66  5:17  Probe  
  66  5:18  Probe  
  68  5:22  Pylon  
  67  5:29  Probe x2  
  67  5:32  Adept x3  
  75  5:38  Charge  
  75  5:41  Probe x2  
  77  5:51  Protoss Ground Weapons Level 1 (Chrono Boost)  
  77  5:53  Probe  
  78  5:57  Templar Archives  
  78  6:01  Probe, Gateway  
  79  6:05  Probe  
  79  6:08  Gateway  
  79  6:09  Gateway  
  78  6:16  Probe x2  
  78  6:17  Probe  
  67  6:26  Sentry x3  
  67  6:27  Probe  
  67  6:28  Probe  
  67  6:29  Probe  
  67  6:32  Robotics Facility  
  76  6:37  Probe  
  76  6:38  Assimilator  
  77  6:41  Probe x2  
  77  6:43  Assimilator  
  79  6:48  Probe  
  79  6:53  Probe  
  79  6:56  Adept x3  
  79  7:15  Pylon  
  79  7:16  Pylon, Sentry x3  
  79  7:18  Pylon  
  85  7:31  Probe  
  85  7:33  Probe x2  
  88  7:42  Probe  
  89  7:44  Gateway  
  89  7:45  Probe  
  89  7:47  Gateway  
  89  7:49  Gateway, Robotics Facility  
  89  7:50  Gateway  
  90  7:51  Robotics Facility  
  90  7:52  Gateway  
  90  8:14  Zealot x4  
  90  8:15  Zealot x2  
Show
View Real Time Build Order
Export as new Build Order

Zanster Zerg - Winner!

Build Orders: Hatch First 

Get SALT Encoding   

  12  0:00  Drone  
  13  0:13  Overlord  
  13  0:17  Drone  
  14  0:31  Drone  
  14  0:32  Drone  
  16  0:35  Drone  
  17  0:53  Hatchery  
  17  0:55  Drone  
  17  0:58  Drone  
  18  1:09  Extractor  
  17  1:13  Spawning Pool  
  17  1:15  Drone  
  17  1:19  Drone  
  18  1:29  Drone  
  19  1:40  Drone  
  20  1:50  Overlord  
  20  2:02  Queen  
  20  2:05  Queen  
  20  2:06  Zergling x4  
  26  2:12  Metabolic Boost  
  26  2:13  Zergling x2  
  27  2:17  Drone  
  28  2:23  Drone  
  28  2:29  Drone  
  30  2:33  Drone  
  31  2:38  Drone  
  32  2:46  Queen, Overlord  
  32  2:48  Drone  
  35  2:57  Hatchery, Drone  
  35  3:02  Drone  
  35  3:04  Evolution Chamber  
  35  3:06  Zergling x2  
  35  3:11  Drone  
  37  3:15  Drone  
  37  3:16  Drone x2  
  37  3:19  Zergling x4  
  41  3:23  Drone  
  41  3:24  Drone  
  41  3:26  Drone  
  44  3:30  Overlord  
  43  3:43  Drone  
  43  3:46  Spore Crawler  
  43  3:50  Drone  
  43  3:51  Drone x4  
  48  3:57  Overlord  
  48  3:58  Drone  
  49  4:09  Drone x2  
  51  4:11  Spore Crawler  
  51  4:15  Drone x3  
  53  4:19  Drone  
  53  4:21  Drone  
  53  4:23  Hatchery  
  53  4:24  Spore Crawler, Overlord  
  52  4:28  Drone  
  52  4:29  Drone  
  51  4:32  Zergling x4  
  51  4:34  Drone x3  
  56  4:40  Drone x2  
  56  4:42  Drone  
  56  4:43  Drone  
  56  4:44  Drone  
  56  4:45  Drone  
  62  4:47  Zerg Melee Weapons Level 1  
  64  4:54  Queen  
  64  4:58  Extractor x2, Drone x4  
  66  5:00  Extractor  
  66  5:03  Overlord  
  66  5:05  Drone x2  
  67  5:07  Overlord  
  67  5:10  Drone  
  67  5:11  Drone x2  
  70  5:15  Baneling Nest  
  70  5:16  Overlord  
  70  5:19  Zergling x6  
  72  5:23  Zergling x2  
  72  5:24  Zergling x4  
  72  5:27  Zergling x6  
  78  5:30  Overlord  
  77  5:38  Zergling x12  
  77  5:40  Lair  
  82  5:49  Zergling x12  
  88  5:53  Zergling x4  
  90  6:00  Overlord  
  90  6:03  Zergling x6  
  90  6:14  Drone x4  
  90  6:15  Drone x4, Overlord  
  90  6:16  Overlord  
  94  6:20  Hatchery  
  94  6:22  Drone x2  
  95  6:27  Drone x2  
  95  6:30  Drone  
  95  6:31  Spore Crawler, Drone  
  95  6:32  Drone  
  99  6:34  Drone  
  99  6:36  Overlord  
  100  6:41  Extractor, Hatchery  
  100  6:42  Centrifical Hooks, Hydralisk Den  
  100  6:45  Drone  
  89  6:56  Drone  
  89  6:57  Drone x6  
  92  7:11  Hydralisk x10  
  109  7:22  Muscular Augments  
  108  7:23  Hydralisk x4  
  108  7:27  Hydralisk  
  108  7:28  Hydralisk  
  108  7:29  Zergling x4  
  124  7:30  Zergling x4  
  124  7:34  Overlord  
  124  7:35  Overlord  
  123  7:39  Zergling x6  
  123  7:40  Baneling  
  123  7:41  Baneling  
  123  7:42  Baneling x3  
  126  7:44  Baneling  
  126  7:45  Zergling x2  
  126  7:46  Zergling x12  
  126  7:50  Overlord  
  133  7:53  Zergling x16  
  133  7:56  Zergling x6  
  141  8:09  Zergling x8  
  141  8:10  Zergling x8  
  146  8:15  Zergling x18  
  146  8:19  Baneling x2  
  155  8:20  Baneling x3  
Tags
 
Add a new tag
Caveats
  • Supply blocks, unpowered buildings, or Contaminate may cause inaccurate times.
  • Supply counts are checked every 10 seconds.